 Dungeon Crawl Stone Soup version 0.30-a0-1160-g6e42c06551 (webtiles) character file.

Game seed: 17444270220870922465

214 xian the Cudgeller (level 5, -2/32 HPs)
             Began as a Gargoyle Gladiator on Apr 27, 2023.
             Was an Initiate of Ashenzari.
             Slain by Pikel
             ... wielding a +2 whip of freezing
              (5 damage)
             ... on level 3 of the Dungeon.
             The game lasted 00:05:40 (2419 turns).

xian the Cudgeller (Gargoyle Gladiator)             Turns: 2419, Time: 00:05:40

Health: -2/32      AC:  8    Str: 26    XL:     5   Next: 92%
Magic:  5/5        EV: 12    Int:  8    God:    Ashenzari [......]
Gold:   141        SH:  0    Dex: 11    Spells: 4/4 levels left

rFire   . . .        a - +0 flail
rCold   . . .        (no shield)
rNeg    + . .        q - +0 leather armour {Will+}
rPois   ∞            c - +0 helmet
rElec   +            (no cloak)
rCorr   .            (no gloves)
SInv    +            (no boots)
Will    +....        (no amulet)
Stlth   +            n - ring of see invisible
HPRegen 0.25/turn    p - +6 ring of strength
MPRegen 0.09/turn

%: no passive effects
@: no status effects
A: sickness immunity, AC +4, negative energy resistance 1, electricity
resistance, torment resistance 1, petrification resistance
a: Renounce Religion


You were on level 3 of the Dungeon.
You worshipped Ashenzari.
Ashenzari was noncommittal.
You visited 1 branch of the dungeon, and saw 4 of its levels.

You collected 141 gold pieces.

Inventory:

Hand Weapons
 a - a +0 flail (weapon)
Missiles
 d - 3 throwing nets
 i - 13 stones (quivered)
 l - a javelin
Armour
 c - a +0 helmet (worn)
 q - a +0 leather armour of willpower (worn)
Jewellery
 n - a ring of see invisible (left hand)
 p - a +6 ring of strength (right hand)
Scrolls
 f - 2 scrolls of teleportation {unknown}
 h - 2 scrolls of identify {unknown}
 o - a scroll of enchant weapon {unknown}
Potions
 b - a potion of might {unknown}
 k - a potion of invisibility
 m - a potion of mutation {unknown}


   Skills:
 + Level 3.5 Fighting
 + Level 4.7 Maces & Flails
 * Level 2.3 Throwing
 + Level 1.6 Armour
 + Level 3.0 Dodging
 + Level 0.1 Stealth


You had 4 spell levels left.
You didn't know any spells.
Your spell library was empty.

Dungeon Overview and Level Annotations

Branches:
Dungeon (4/15)
 Temple: D:4-7

Altars:
Ashenzari
Ru
Vehumet

Annotations:
D:3 Pikel


Innate Abilities, Weirdness & Mutations

You are immune to sickness and miasma.
Your stone body is resilient. (AC +4)
You are immune to poison.
You resist negative energy. (rN+)
You are resistant to electric shocks. (rElec)
You are resistant to unholy torment.
You are immune to petrification.


Message History

Pikel freezes you.
You hit Pikel.
Pikel is heavily wounded.
Pikel hits you with a +2 whip of freezing.
Pikel freezes you.
Okay, then.
Pikel attacks as you move away! Pikel barely misses you.
There is a stone staircase leading up here.
Pikel closely misses you. The adder barely misses you.
You climb upwards.
There is a stone staircase leading down here.
It was a potion of heal wounds.
You feel much better.
Pikel hits you with a +2 whip of freezing.
Pikel freezes you.
You barely miss Pikel.
Pikel is heavily wounded.
Pikel hits you with a +2 whip of freezing.
Pikel freezes you.
You closely miss Pikel.
Pikel is heavily wounded.
Pikel hits you with a +2 whip of freezing!
Pikel freezes you.
Pikel hits you with a +2 whip of freezing!
* * * LOW HITPOINT WARNING * * *
Pikel freezes you.
* * * LOW HITPOINT WARNING * * *
It was a potion of lignification.
You turn into a tree.
Your +0 helmet melds into your body.
Your +0 leather armour of willpower melds into your body.
You feel less strong-willed.
Your roots penetrate the ground.
Pikel hits you but does no damage.
It was a potion of cancellation.
Your magical effects are unravelling.
You feel magically purged.
You feel less wooden.
Your +0 helmet unmelds from your body.
Your +0 leather armour of willpower unmelds from your body.
You feel strong-willed.
Pikel hits you with a +2 whip of freezing.
You die...

..# #.##### #.# #..# #.# #
..######.# #.####..###.# #
.........# #.....).....# #
..######## ######..##### #
......######### ####..#
...##.........# #.....#
...##..##..##.# #.##.##
...#........#.######.##.##
##.............K@........#
#.............#####.##..#
##.#........#..# #.......######
##.#....>...#.(###.###........#
##.................# #..#####.#
##..............##.###.## #.#
####........#...##.....# #.#
...##..##..##...####.### #.#
####.#####......# #.# #.#


You could see Pikel.

Vanquished Creatures
  An orc priest (D:3)
  A hound (D:4)
  5 adders
  2 worms (D:2)
  4 dart slugs
  7 orcs (D:3)
  2 bats (D:2)
  9 endoplasms
  10 giant cockroaches
  6 goblins
  3 hobgoblins
  6 jackals
  2 quokkas
  9 ball pythons
  8 frilled lizards
  6 kobolds
  3 rats
84 creatures vanquished.

Notes
Turn   | Place    | Note
-------+----------+-------------------------------------------
     0 | D:1      | xian the Gargoyle Gladiator began the quest for the Orb.
     0 | D:1      | Reached XP level 1. HP: 12/12 MP: 1/1
    82 | D:1      | Reached XP level 2. HP: 12/18 MP: 2/2
   643 | D:1      | Reached XP level 3. HP: 22/22 MP: 3/3
   700 | D:1      | Reached skill level 1 in Armour
  1103 | D:2      | Found a radiant altar of Vehumet.
  1162 | D:2      | Reached XP level 4. HP: 23/27 MP: 4/4
  1268 | D:2      | Reached skill level 4 in Maces & Flails
  1719 | D:3      | Found a faded altar of an unknown god.
  1775 | D:3      | Reached XP level 5. HP: 32/32 MP: 5/5
  2155 | D:3      | Found a broken altar of Ashenzari.
  2161 | D:3      | Became a worshipper of Ashenzari the Shackled
  2274 | D:3      | Found a sacrificial altar of Ru.
  2383 | D:4      | Noticed a lemure
  2384 | D:4      | Noticed Pikel
  2384 | D:4      | Noticed a lemure
  2401 | D:4      | Noticed a lemure
  2405 | D:4      | Noticed a lemure
  2419 | D:3      | Slain by Pikel

Illustrated notes

Levels and vault maps discovered:
D:1:      dpeg_arrival_shelter, layout_basic
D:2:      minmay_roachtagon, layout_loops_ring, basic_altar
D:3:      layout_loops_ring, mainiacjoe_overflow_alcove_1,
          mainiacjoe_overflow_tiny_flanked,
          hellmonk_ecumenical_altar_pennies_from_heaven, st_stairs_5
D:4:      layout_rooms, mainiacjoe_overflow_alcove_4, marbit_many_paths,
          tso_oasis_becter, uniq_edmund, uniq_ijyb, uniq_crazy_yiuf_cottage,
          uniq_pikel

Skill      XL: |  1  2  3  4  5 |
---------------+----------------+-----
Armour         | 1 |  1.6
Maces & Flails | 4 |  4.7
Throwing       | 2 |  2.3
Dodging        | 3 |  3.0
Fighting       | 3 |  3.5
Stealth        | |  0.1

Action                     |  1- 3 |  4- 6 || total
---------------------------+-------+-------++-------
  Melee: Flail             |   109 |   141 ||   250
         Punch             |     1 |       ||     1
  Throw: Stone             |     4 |    17 ||    21
         Javelin           |     1 |       ||     1
    Use: Potion            |       |     3 ||     3
 Armour: Leather armour    |    66 |    54 ||   120
         Skin              |       |     1 ||     1
  Dodge: Dodged            |    89 |    89 ||   178

Table legend: (Time is in decaauts)
 A = Elapsed time spent in this place.
 B = Non-inter-level travel time spent in this place.
 C = Inter-level travel time spent in this place.
 D = Time resting spent in this place.
 E = Time spent auto-exploring this place.
 F = Levels seen in this place.
 G = Mean time per level.
                   A        B        C        D        E       F      G
               +--------+--------+--------+--------+--------+-----+--------+
         Total |   2470 |   2447 |     23 |      0 |   1620 |   4 |  617.5 |
       Dungeon |   2470 |   2447 |     23 |      0 |   1620 |   4 |  617.5 |
               +--------+--------+--------+--------+--------+-----+--------+

Top non-repeatable levels by time:
     D:1: 838 daAuts
     D:3: 829 daAuts
     D:2: 761 daAuts
     D:4: 41 daAuts
